Map: Oxide LE

Players

TeebuL - Winner!

  • Race: Protoss Protoss
  • League: Gold

Probe

  • Race: Protoss Protoss

Event: DreamHack SC2 Masters 2021 Summer

VOD

Have the link to the VOD?

Description

Time

  • Played on: May 22, 2021, 6:15 a.m.
  • Length: 8:25

All games in this series

Show
View Real Time Build Order
Export as new Build Order

TeebuL Protoss - Winner!

Build Orders: Oracle Opening 

Get SALT Encoding   

  12  0:00  Probe  
  13  0:12  Probe  
  14  0:19  Pylon  
  14  0:24  Probe  
  15  0:37  Probe (Chrono Boost)  
  15  0:38  Gateway  
  16  0:48  Probe (Chrono Boost)  
  17  0:51  Assimilator  
  17  0:53  Probe (Chrono Boost)  
  18  1:03  Probe  
  19  1:15  Probe  
  20  1:27  Cybernetics Core  
  20  1:28  Probe  
  23  1:36  Pylon  
  23  1:49  Probe  
  23  1:50  Nexus  
  22  1:54  Assimilator  
  22  2:01  Probe  
  23  2:04  Cybernetics Core  
  23  2:08  Adept (Chrono Boost)  
  25  2:17  Probe  
  25  2:20  Pylon  
  26  2:23  Warp Gate  
  26  2:38  Probe  
  27  2:44  Stargate  
  27  2:48  Stalker  
  27  2:50  Probe  
  30  3:03  Probe (Chrono Boost)  
  30  3:04  Probe (Chrono Boost)  
  33  3:13  Probe x2 (Chrono Boost)  
  33  3:18  Stalker, Probe x2 (Chrono Boost)  
  36  3:25  Oracle (Chrono Boost)  
  37  3:29  Probe  
  37  3:33  Probe  
  42  3:38  Pylon  
  43  3:41  Probe  
  43  3:44  Twilight Council  
  43  3:45  Probe  
  44  3:53  Probe  
  45  3:57  Probe, Gateway  
  46  4:05  Probe  
  46  4:07  Gateway  
  48  4:10  Probe  
  48  4:14  Assimilator  
  48  4:16  Blink (Chrono Boost)  
  48  4:17  Probe  
  48  4:22  Probe  
  50  4:29  Probe  
  51  4:34  Pylon  
  51  4:38  Probe  
  52  4:41  Stalker  
  54  4:49  Pylon  
  54  4:51  Nexus  
  54  4:52  Probe  
  55  4:54  Gateway  
  55  5:01  Stalker  
  55  5:05  Forge  
  57  5:07  Stalker  
  57  5:08  Stalker  
  57  5:11  Probe  
  57  5:12  Probe  
  63  5:27  Protoss Ground Weapons Level 1 (Chrono Boost)  
  61  5:31  Stalker x3  
  61  5:33  Probe  
  68  5:36  Probe  
  68  5:38  Pylon  
  69  6:01  Stalker x4  
  75  6:06  Probe  
  75  6:11  Probe  
  73  6:19  Probe x2  
  73  6:23  Probe  
  68  6:28  Stalker x4  
  68  6:31  Probe  
  71  6:39  Probe x2  
  73  6:42  Gateway  
  73  6:44  Gateway  
  73  6:45  Gateway  
  73  6:46  Robotics Facility  
  73  6:47  Probe  
  73  6:52  Charge (Chrono Boost)  
  73  6:53  Probe  
  73  6:54  Stalker x4  
  83  6:58  Probe  
  84  7:11  Pylon x2  
  84  7:17  Stalker x3  
  84  7:20  Assimilator  
  84  7:22  Pylon x2  
  84  7:40  Zealot x7  
  98  7:51  Photon Cannon  
  98  7:53  Photon Cannon  
  98  7:57  Observer  
  99  8:03  Stalker x4  
  99  8:05  Zealot x3  
Show
View Real Time Build Order
Export as new Build Order

Probe Protoss 

Build Orders: Phoenix Opening 

Get SALT Encoding   

  12  0:00  Probe  
  13  0:12  Probe  
  14  0:19  Pylon  
  14  0:24  Probe  
  15  0:37  Probe (Chrono Boost)  
  15  0:39  Gateway  
  16  0:46  Probe (Chrono Boost)  
  16  0:47  Assimilator  
  17  0:51  Probe (Chrono Boost)  
  18  1:03  Probe (Chrono Boost)  
  19  1:07  Assimilator  
  19  1:09  Pylon  
  19  1:15  Probe (Chrono Boost)  
  20  1:21  Probe (Chrono Boost)  
  21  1:27  Cybernetics Core  
  21  1:28  Zealot  
  23  1:33  Probe  
  24  1:45  Probe  
  25  1:57  Probe  
  26  2:02  Stalker (Chrono Boost)  
  26  2:03  Warp Gate  
  28  2:09  Probe  
  28  2:10  Pylon  
  29  2:21  Probe  
  30  2:27  Stalker  
  32  2:33  Probe  
  33  2:41  Gateway  
  32  2:45  Probe  
  33  2:58  Probe, Nexus  
  34  3:01  Shield Battery  
  34  3:07  Sentry  
  36  3:12  Pylon  
  36  3:13  Probe  
  37  3:21  Forge  
  37  3:25  Probe  
  38  3:32  Shield Battery  
  38  3:37  Probe  
  38  3:40  Twilight Council  
  39  3:44  Phoenix  
  39  3:49  Probe  
  39  3:51  Sentry  
  42  3:59  Stalker  
  42  4:02  Probe (Chrono Boost)  
  45  4:06  Shield Battery  
  45  4:07  Protoss Ground Weapons Level 1  
  45  4:11  Probe (Chrono Boost)  
  45  4:15  Probe (Chrono Boost)  
  47  4:20  Probe (Chrono Boost)  
  47  4:21  Blink (Chrono Boost)  
  47  4:22  Probe (Chrono Boost)  
  49  4:25  Probe (Chrono Boost)  
  50  4:31  Probe  
  50  4:37  Probe  
  52  4:43  Probe  
  52  4:44  Gateway  
  52  4:45  Gateway  
  53  4:49  Probe  
  53  4:50  Assimilator  
  54  4:53  Pylon  
  54  4:56  Probe  
  54  4:58  Stalker  
  57  5:01  Pylon  
  57  5:08  Probe  
  57  5:12  Phoenix  
  58  5:15  Stalker  
  60  5:23  Probe  
  60  5:25  Pylon  
  61  5:32  Nexus  
  61  5:33  Pylon  
  61  5:34  Stalker  
  63  5:36  Robotics Facility  
  63  5:37  Probe  
  64  5:45  Stalker  
  64  5:48  Shield Battery  
  62  5:52  Stalker  
  58  6:00  Stalker  
  58  6:01  Stalker  
  56  6:08  Probe  
  57  6:15  Pylon, Probe  
  57  6:17  Stalker  
  52  6:27  Immortal (Chrono Boost), Stalker  
  52  6:28  Probe  
  52  6:42  Pylon  
  51  6:47  Stalker x2  
  51  6:53  Stalker  
  57  6:58  Stalker  
  59  7:07  Probe x2  
  61  7:12  Stalker, Gateway  
  61  7:15  Gateway  
  63  7:17  Stalker  
  63  7:22  Stalker  
  65  7:38  Stalker x2  
  67  7:49  Stalker  
  69  7:57  Nexus  
Tags
 
Add a new tag
Caveats
  • Supply blocks, unpowered buildings, or Contaminate may cause inaccurate times.
  • Supply counts are checked every 10 seconds.